 Dungeon Crawl Stone Soup version 0.21.1-1-g345015f (webtiles) character file.

106 odemus the Covered (level 4, -2/40 HPs)
             Began as a Minotaur Fighter on Apr 6, 2018.
             Was an Initiate of Gozag.
             Slain by Shinoi's ghost (13 damage)
             ... on level 3 of the Dungeon.
             The game lasted 00:09:06 (1701 turns).

odemus the Covered (Minotaur Fighter)               Turns: 1701, Time: 00:09:11

Health: -2/40      AC:  7    Str: 21    XL:     4   Next: 55%
Magic:  3/3        EV:  7    Int:  5    God:    Gozag
Gold:   112        SH:  9    Dex: 10    Spells: 3/3 levels left

rFire    . . .     SeeInvis .   a - +0 long sword
rCold    . . .     Gourm    .   c - +0 shield
rNeg     . . .     Faith    .   b - +0 scale mail
rPois    .         Spirit   .   (helmet restricted)
rElec    .         Reflect  .   (no cloak)
rCorr    .         Harm     .   (no gloves)
MR       .....                  (no boots)
Stlth    ..........             (no amulet)
HPRegen  0.13/turn              (no ring)
MPRegen  0.08/turn              (no ring)

@: no status effects
A: retaliatory headbutt, horns 2
a: Potion Petition, Call Merchant, Bribe Branch, Renounce Religion


You were on level 3 of the Dungeon.
You worshipped Gozag.
Gozag was aware of your devotion.
You were not hungry.

You visited 1 branch of the dungeon, and saw 3 of its levels.

You collected 112 gold pieces.

Inventory:

Hand Weapons
 a - a +0 long sword (weapon)
 d - a +4 quarterstaff of chaos
 m - a +0 mace
Armour
 b - a +0 scale mail (worn)
 c - a +0 shield (worn)
 l - a +2 cloak of invisibility
Scrolls
 e - a scroll of remove curse {unknown}
 k - 2 scrolls of amnesia {unknown}
Potions
 g - a potion of haste {unknown}
 h - a potion of curing {unknown}
 i - a potion of ambrosia {unknown}
 j - a potion of degeneration {unknown}
Comestibles
 f - 4 rations


   Skills:
 + Level 4.1 Fighting
 + Level 3.1 Long Blades
 + Level 5.0 Armour
 + Level 0.3 Dodging
 + Level 4.5 Shields


You had 3 spell levels left.
You didn't know any spells.

Dungeon Overview and Level Annotations

Branches:
Dungeon (3/15)

Altars:
Gozag
Uskayaw

Annotations:
D:3 Shinoi's ghost, amateur GrFi


Innate Abilities, Weirdness & Mutations

You reflexively headbutt those who attack you in melee.
You have a pair of horns on your head.


Message History

Your shield prevents you from hitting Shinoi's ghost.
You headbutt Shinoi's ghost!
Shinoi's ghost is heavily damaged.
You block Shinoi's ghost's attack.
You hit Shinoi's ghost. You headbutt Shinoi's ghost.
Shinoi's ghost is severely damaged.
You block Shinoi's ghost's attack. Shinoi's ghost hits you!
You hit Shinoi's ghost but do no damage.
Shinoi's ghost is severely damaged.
Shinoi's ghost barely misses you.
You hit Shinoi's ghost.
Shinoi's ghost is severely damaged.
Shinoi's ghost hits you.
You closely miss Shinoi's ghost. You headbutt Shinoi's ghost.
Shinoi's ghost is almost destroyed.
Shinoi's ghost hits you!
* * * LOW HITPOINT WARNING * * *
Shinoi's ghost hits you!
You die...
Your body crumbles into a pile of gold.

#.#############(#
#.######......#.# #
#........#..#.#.#####
#.
#.#####.............#
##$######
#....)#)#.###.#
........###.....#.#.#
........##......#.#.#
........##..#...#.#.#
.......($W@.....#<#.#
......$.###########.#
..............< .#
........###....
.......W#$ ..
!.......# $ .........
####.#.## #.#.


You could see Shinoi's ghost.

Vanquished Creatures
  Crazy Yiuf (D:2)
  4 gnolls (D:3)
  An adder (D:2)
  A worm (D:2)
  2 leopard geckos
  2 giant cockroaches (D:2)
  7 goblins
  A bat (D:2)
  3 frilled lizards
  3 kobolds
  3 rats (D:1)
28 creatures vanquished.

Notes
Turn   | Place    | Note
-------+----------+-------------------------------------------
     0 | D:1      | odemus the Minotaur Fighter began the quest for the Orb.
     0 | D:1      | Reached XP level 1. HP: 19/19 MP: 0/0
   429 | D:1      | Reached skill level 4 in Armour
   429 | D:1      | Reached XP level 2. HP: 23/27 MP: 1/1
   696 | D:2      | Noticed a hand axe
   697 | D:2      | Noticed an enchanted dagger
   697 | D:2      | Found a hide-covered altar of Uskayaw.
   940 | D:2      | Reached XP level 3. HP: 33/33 MP: 2/2
  1144 | D:2      | Found a faded altar of an unknown god.
  1166 | D:2      | Became a worshipper of Gozag Ym Sagoz the Greedy
  1307 | D:2      | Found a runed door.
  1311 | D:2      | Noticed Crazy Yiuf
  1316 | D:2      | Killed Crazy Yiuf
  1618 | D:3      | Reached XP level 4. HP: 37/40 MP: 3/3
  1637 | D:3      | Reached skill level 5 in Armour
  1686 | D:3      | Noticed Shinoi's ghost (amateur GrFi)
  1701 | D:3      | Slain by Shinoi's ghost

Skill      XL: |  1  2  3  4 |
---------------+-------------+-----
Armour         | 4 5 |  5.0
Shields        | 4 |  4.5
Fighting       | 4 |  4.1
Long Blades    | 3 |  3.1
Dodging        | |  0.3

Action                   |  1- 3 |  4- 6 || total
-------------------------+-------+-------++-------
Melee: Long sword        |    65 |    22 ||    87
       Headbutt          |     7 |     4 ||    11
  Use: Potion            |     1 |       ||     1
  Eat: Ration            |     1 |       ||     1
       Chunk             |     1 |       ||     1
Armor: Scale mail        |    18 |     5 ||    23
Dodge: Dodged            |    22 |     7 ||    29
Block: Shield            |    20 |    12 ||    32
       Rpst.: Long sword |     6 |     1 ||     7
